AoeStats
← ms0268062

Arena

510289883Analyzed
4v4 RM · 22h ago on Sep 30, 2026· 53m 4s· 8 players
Game mode
Random Map
Map size
Large (8 player)
Population
200
Speed
Normal
Resources
Standard
Victory
Conquest
Starting age
Dark Age
Ending age
Imperial Age
RankedLock teamsTeams togetherTeam positionsShared explorationLock speedFull tech treeHidden civsTurbo modeCheats
Victory
Defeat
🇻🇳 Saracens · Vietnam
1190
+14
🇨🇳 Georgians · China
1144
+16
🇹🇼 Khmer · Taiwan
1139
+16
🇨🇳 Spanish · China
1120
+17
🇫🇷 Turks · France
1164
-16
🇦🇺 Khmer · Australia
1153
-16
🇦🇺 Slavs · Australia
1142
-16
🇳🇴 Cumans · Norway
1119
-15
halong1301
10:54 Feudal Age
12:32 Double-Bit Axe
12:30 Horse Collar
15:01 Castle Age
12:57 Horse Collar
16:10 Bow Saw
16:04 Heavy Plow
20:30 Stone Mining
20:32 Gold Mining
21:48 Loom
22:52 Gold Shaft Mining
27:53 Imperial Age
26:01 Scale Barding Armor
26:31 Forging
27:45 Chain Barding Armor
28:20 Iron Casting
28:00 Husbandry
28:32 Bloodlines
28:41 Bloodlines
27:54 Light Cavalry
28:42 Elite Mameluke
30:49 Plate Barding Armor
31:32 Blast Furnace
37:13 Hussar
49:29 Fortified Wall
ms0268062
8:50 Feudal Age
14:36 Castle Age
13:00 Double-Bit Axe
14:09 Horse Collar
18:01 Bow Saw
18:59 Heavy Plow
20:09 Loom
24:42 Stone Mining
26:03 Wheelbarrow
28:43 Stone Shaft Mining
27:59 Gold Mining
28:41 Husbandry
28:54 Scale Barding Armor
29:14 Bloodlines
29:42 Hand Cart
33:30 Imperial Age
32:09 Gold Shaft Mining
32:09 Stone Shaft Mining
31:49 Tusk Swords
34:38 Conscription
34:32 Double Crossbow
35:08 Ballistics
34:48 Elite Battle Elephant
37:18 Chemistry
37:09 Crop Rotation
37:05 Chain Barding Armor
36:59 Forging
39:50 Plate Barding Armor
39:20 Elite Ballista Elephant
zhaoxiang19980
2:00 Loom
9:58 Feudal Age
11:16 Horse Collar
11:24 Double-Bit Axe
17:42 Castle Age
17:35 Wheelbarrow
16:49 Town Watch
17:32 Gold Mining
18:36 Bow Saw
21:41 Wheelbarrow
25:48 Heavy Plow
31:24 Imperial Age
29:24 Redemption
29:41 Svan Towers
29:29 Fletching
30:07 Ballistics
29:41 Guard Tower
29:38 Pikeman
30:19 Squires
30:22 Scale Mail Armor
31:01 Sanctity
31:22 Bodkin Arrow
31:49 Murder Holes
31:37 Treadmill Crane
33:45 Hand Cart
33:44 Halberdier
35:06 Bracer
35:42 Town Patrol
36:27 Forging
37:03 Conscription
37:19 Hoardings
37:38 Block Printing
38:59 Arson
40:02 Keep
39:34 Siege Engineers
40:30 Chemistry
39:41 Fortified Wall
39:42 Masonry
39:50 Chain Mail Armor
42:25 Plate Mail Armor
42:31 Iron Casting
48:23 Blast Furnace
47:57 Crop Rotation
47:21 Stone Mining
50:23 Stone Shaft Mining
49:57 Scale Barding Armor
50:40 Theocracy
50:10 Herbal Medicine
50:29 Fervor
50:10 Capped Ram
51:08 Siege Ram
53:47 Chain Barding Armor
54:13 Architecture
CNZS_carlar
10:50 Feudal Age
9:10 Loom
14:23 Castle Age
28:01 Double-Bit Axe
28:09 Horse Collar
29:00 Gold Mining
33:16 Imperial Age
32:48 Wheelbarrow
33:32 Padded Archer Armor
33:24 Fletching
34:28 Hand Cart
35:42 Husbandry
35:52 Bloodlines
37:38 Conscription
37:43 Elite Conquistador
40:21 Leather Archer Armor
39:39 Light Cavalry
40:39 Scale Barding Armor
42:27 Hussar
44:29 Chain Barding Armor
48:08 Plate Barding Armor
47:45 Forging
47:30 Bodkin Arrow
48:21 Stone Mining
48:18 Town Watch
48:51 Cavalier
50:34 Chemistry
49:54 Ballistics
49:45 Fortified Wall
49:46 Masonry
49:38 Town Patrol
51:34 Supremacy
51:14 Inquisition
50:45 Sappers
50:38 Paladin
51:43 Bombard Tower
51:19 Murder Holes
51:35 Careening
53:36 Iron Casting
53:01 Bracer
53:32 Ring Archer Armor
53:02 Scale Mail Armor
53:17 Guard Tower
53:12 Arrowslits
53:33 Siphons
53:39 Clinker Construction
Sharcks
11:15 Feudal Age
12:34 Double-Bit Axe
14:56 Loom
17:44 Castle Age
16:30 Gold Mining
16:33 Stone Mining
16:26 Horse Collar
23:26 Wheelbarrow
23:48 Town Watch
26:50 Heavy Plow
30:17 Imperial Age
29:32 Bow Saw
30:04 Scale Barding Armor
31:55 Elite Janissary
32:56 Conscription
34:39 Hand Cart
35:14 Chain Barding Armor
35:06 Bloodlines
35:10 Forging
35:26 Caravan
35:59 Fletching
37:00 Hoardings
37:49 Plate Barding Armor
38:43 Conscription
39:15 Gold Shaft Mining
39:09 Heavy Camel Rider
41:04 Iron Casting
40:25 Bodkin Arrow
41:58 Husbandry
43:15 Blast Furnace
43:11 Ballistics
Globox
9:12 Feudal Age
11:50 Double-Bit Axe
11:49 Horse Collar
20:02 Wheelbarrow
22:26 Castle Age
21:18 Scale Barding Armor
21:24 Forging
23:24 Bow Saw
23:15 Heavy Plow
26:30 Capped Ram
27:17 Loom
27:48 Hand Cart
27:56 Bloodlines
27:37 Gold Mining
29:06 Gold Shaft Mining
32:32 Imperial Age
32:56 Cavalier
34:33 Paladin
35:49 Chain Barding Armor
36:40 Iron Casting
36:07 Town Watch
36:27 Stone Mining
37:15 Plate Barding Armor
41:10 Blast Furnace
41:24 Siege Ram
42:03 Fletching
43:06 Ballistics
42:42 Murder Holes
42:45 Bodkin Arrow
43:32 Conscription
43:13 Steppe Husbandry
43:48 Hoardings
42:35 Light Cavalry
42:50 Siege Ram
48:10 Chemistry
47:20 Masonry
51:21 Hoardings
Mr. Takoyaki-san
11:36 Feudal Age
14:54 Castle Age
12:48 Double-Bit Axe
12:47 Horse Collar
15:31 Wheelbarrow
20:10 Loom
22:17 Heavy Plow
26:19 Hand Cart
26:37 Hand Cart
26:20 Gold Mining
26:22 Stone Mining
31:15 Imperial Age
29:28 Gold Shaft Mining
29:28 Stone Shaft Mining
29:11 Bow Saw
30:47 Husbandry
30:57 Bloodlines
31:09 Forging
31:07 Scale Barding Armor
31:13 Caravan
31:32 Fortified Wall
32:40 Iron Casting
32:27 Chain Barding Armor
31:56 Elite Battle Elephant
32:58 Conscription
32:51 Tusk Swords
37:21 Plate Barding Armor
37:51 Blast Furnace
ants
12:38 Feudal Age
17:38 Castle Age
15:48 Stone Mining
22:31 Double-Bit Axe
24:46 Forging
24:42 Scale Barding Armor
26:30 Bow Saw
26:03 Horse Collar
28:05 Iron Casting
27:50 Chain Barding Armor
27:58 Chain Barding Armor
32:38 Imperial Age
31:43 Pikeman
32:24 Squires
33:33 Wheelbarrow
35:26 Halberdier
37:19 Onager
Connection lost

Rejoining the realm…

Still unreachable

The connection could not be restored.

Session expired

The server has moved on; the page needs a fresh start.